 Dungeon Crawl Stone Soup version 0.23.2-11-gf996548c65 (webtiles) character file.

Game seed: 11271798000315560605

63487 havocjr2 the Nimble (level 15, -12/105 HPs)
             Began as a Gnoll Gladiator on Apr 28, 2019.
             Was the Champion of Hepliaklqana.
             Mangled by a sun demon (15 damage)
             ... summoned by an orc high priest
             ... on level 2 of the Orcish Mines on June 5, 2019.
             The game lasted 03:08:05 (23173 turns).

havocjr2 the Nimble (Gnoll Gladiator)              Turns: 23173, Time: 03:08:05

Health: -12/105    AC: 16    Str: 13    XL:     15   Next: 9%
Magic:  16/28      EV: 19    Int: 21    God:    Hepliaklqana [******]
Gold:   1329       SH: 13    Dex: 19    Spells: 8/33 levels left

rFire    . . .     SeeInvis .   z - +5 hand axe of Oenomania {flame, +Inv rN+}
rCold    + . .     Gourm    .   i - +2 buckler
rNeg     + . .     Faith    .   v - +1 ring mail "Vovoogg" {rElec rPois rCorr} (curse)
rPois    +         Spirit   .   Y - +1 helmet of the Arcane {rC+ Str-4 Int+5}
rElec    +         Reflect  .   e - +2 cloak
rCorr    +         Harm     .   (no gloves)
MR       +....                  W - +1 pair of boots
Stlth    ++++......             t - amulet of regeneration
HPRegen  0.67/turn              T - ring of flight
MPRegen  0.21/turn              D - ring of wizardry

@: about to teleport
A: distributed training, reduced essence, fangs 1, large bone plates 1, clever
1, MP-powered wands, strong nose
a: Recall Ancestor, Ancestor Identity, Transference, Idealise, Renounce
Religion, Evoke Invisibility, Evoke Flight


You were on level 2 of the Orcish Mines.
You worshipped Hepliaklqana.
Hepliaklqana was exalted by your worship.
You were not hungry.

You visited 4 branches of the dungeon, and saw 22 of its levels.

You collected 1675 gold pieces.
You spent 346 gold pieces at shops.

Inventory:

Hand Weapons
 d - a +0 shortbow of freezing
 z - the +5 hand axe of Oenomania (weapon) {flame, +Inv rN+}
   (You found it on level 4 of the Dungeon)

   It has been specially enchanted to burn those struck by it, causing extra
   injury to most foes and up to half again as much damage against particularly
   susceptible opponents.
   Big, fiery blades are also staple armaments of hydra-hunters.
   It protects you from negative energy.
   It lets you turn invisible.
 P - a +2 battleaxe of flaming
 X - a +0 arbalest
Missiles
 l - 5 tomahawks of returning (quivered)
 x - 5 tomahawks
 J - 114 bolts
 L - 255 arrows
 N - 2 throwing nets
Armour
 e - a +2 cloak (worn)
 i - a +2 buckler (worn)
 o - a +1 leather armour of cold resistance
 v - the cursed +1 ring mail "Vovoogg" (worn) {rElec rPois rCorr}
   (You bought it in a shop on level 11 of the Dungeon)

   It insulates you from electricity.
   It protects you from poison.
   It provides partial protection from all sources of acid and corrosion.
   It has a curse placed upon it.
 S - +1 steam dragon scales
 W - a +1 pair of boots (worn)
 Y - the +1 helmet of the Arcane (worn) {rC+ Str-4 Int+5}
   (You found it on level 2 of the Lair of Beasts)

   It affects your strength (-4).
   It affects your intelligence (+5).
   It protects you from cold.
Jewellery
 q - an uncursed amulet of the acrobat
 r - an uncursed amulet of rage
 t - an amulet of regeneration (around neck)
 C - an uncursed amulet of magic regeneration
 D - a ring of wizardry (right hand)
 T - a ring of flight (left hand)
Wands
 b - a wand of paralysis (5)
 s - a wand of acid (24)
 y - a wand of flame (14)
 G - a wand of polymorph (7)
 K - a wand of iceblast (5)
Scrolls
 j - 2 scrolls of enchant weapon
 n - 12 scrolls of remove curse
 A - 3 scrolls of blinking
 F - 2 scrolls of amnesia
 H - a scroll of summoning
 I - 5 scrolls of fear
 Q - 2 scrolls of magic mapping
 R - 6 scrolls of teleportation
 U - 3 scrolls of immolation
Potions
 a - a potion of cancellation
 g - 2 potions of resistance
 h - a potion of berserk rage
 k - 5 potions of haste
 m - 4 potions of magic
 u - 3 potions of flight
 w - a potion of invisibility
 B - 2 potions of brilliance
 E - 4 potions of curing
 M - a potion of heal wounds
 O - a potion of lignification
 V - 3 potions of agility
Comestibles
 c - 11 chunks of flesh
 f - 35 rations


   Skills:
 + Level 10.6 Fighting
 + Level 9.6 Short Blades
 + Level 9.6 Long Blades
 + Level 11.4 Axes
 + Level 9.6 Maces & Flails
 + Level 9.6 Polearms
 + Level 9.6 Staves
 + Level 9.6 Slings
 + Level 9.6 Bows
 + Level 9.6 Crossbows
 + Level 10.6 Throwing
 + Level 9.6 Armour
 + Level 11.4 Dodging
 + Level 9.6 Stealth
 + Level 9.6 Shields
 + Level 9.6 Unarmed Combat
 + Level 9.6 Spellcasting
 + Level 8.0 Conjurations
 + Level 8.0 Hexes
 + Level 8.0 Charms
 + Level 8.0 Summonings
 + Level 8.0 Necromancy
 + Level 8.0 Translocations
 + Level 8.0 Transmutations
 + Level 8.0 Fire Magic
 + Level 8.0 Ice Magic
 + Level 8.0 Air Magic
 + Level 8.0 Earth Magic
 + Level 8.0 Poison Magic
 + Level 10.4 Invocations
 + Level 9.6 Evocations


You had 8 spell levels left.
You knew the following spells:

 Your Spells              Type           Power        Failure   Level  Hunger
a - Poisonous Vapours     Pois/Air       #####.       1%          2    None
b - Conjure Flame         Conj/Fire      #####...     1%          3    None
c - Mephitic Cloud        Conj/Pois/Air  #####...     1%          3    None
d - Olgreb's Toxic Radia  Pois           #####...     1%          4    ##.....
e - Lightning Bolt        Conj/Air       #####.....   4%          5    ####...
f - Fulminant Prism       Conj/Hex       #####.....   1%          4    ##.....
g - Iskenderun's Mystic   Conj           #####...     1%          4    ##.....

Your spell library contained the following spells:

 Spells                   Type           Power        Failure   Level  Hunger
 Beastly Appendage        Tmut           #####.       1%          1    None
 Infusion                 Chrm           ####         1%          1    None
 Magic Dart               Conj           ####         1%          1    None
 Sting                    Conj/Pois      ####         1%          1    None
 Corpse Rot               Necr           N/A          1%          2    None
 Searing Ray              Conj           #####.       1%          2    None
 Shroud of Golubria       Chrm/Tloc      #####.....   1%          2    None
 Song of Slaying          Chrm           #####...     1%          2    None
 Sticks to Snakes         Tmut           #####...     1%          2    None
 Dazzling Spray           Conj/Hex       #####.       1%          3    None
 Regeneration             Chrm/Necr      #####.....   1%          3    None
 Spectral Weapon          Hex/Chrm       #####...     1%          3    None
 Spider Form              Tmut/Pois      #####.....   1%          3    None
 Static Discharge         Conj/Air       #####...     1%          3    None
 Stone Arrow              Conj/Erth      #####.       1%          3    None
 Force Lance              Conj/Tloc      #####...     1%          4    ##.....
 Ice Form                 Ice/Tmut       #####...     1%          4    ##.....
 Leda's Liquefaction      Hex/Erth       #####.....   1%          4    ##.....
 Blade Hands              Tmut           #####.....   4%          5    ####...
 Summon Forest            Summ/Tloc      #####.....   4%          5    ####...
 Venom Bolt               Conj/Pois      #####.....   4%          5    ####...
 Freezing Cloud           Conj/Ice/Air   #####.....   26%         6    ######.
 Hydra Form               Tmut           #####.....   26%         6    ######.
 Ring of Flames           Chrm/Fire      #####.....   80%         7    #######
 Summon Hydra             Summ           #####.....   80%         7    #######
 Ignition                 Fire           #####.....   100%        8    #######
 Shatter                  Erth           #####.....   100%        9    #######
 Tornado                  Air            #####.....   100%        9    #######


Dungeon Overview and Level Annotations

Branches:
Dungeon (13/15)            Temple (1/1) D:4            Lair (6/6) D:8
  Swamp (0/4) Lair:2       Spider (0/4) Lair:4        Slime (0/5) Lair:6
    Orc (2/2) D:9          Vaults (0/5) D:13
    Elf: Orc:2

Altars:
Ashenzari
Cheibriados
Dithmenos
Elyvilon
Fedhas
Hepliaklqana
Kikubaaqudgha
Okawaru
Qazlal
Trog
Wu Jian
Yredelemnul

Shops:
D:5 (:}*   D:11 [?[(}   D:13 (   Orc:2 !*

Annotations:
D:7 3 runed translucent doors, jazmu's ghost, novice DgFE


Innate Abilities, Weirdness & Mutations

Your experience applies equally to all skills.
You have very sharp teeth.
Your uncanny sense of smell can sniff out nearby items.
Your life essence is reduced to manifest your ancestor. (-10% HP)
You are partially covered in large bone plates. (SH +4)
Your mind is acute. (Int +2)
You expend magic power (3 MP) to strengthen your wands.


Message History

* * * LOW HITPOINT WARNING * * *
Throwing (i - inventory. (/) - cycle)
l - 5 tomahawks of returning (quivered)
Press: ? - help, Shift-Dir - straight line, f - orc high priest, p - sun demon
Aim: an orc high priest, wielding a +0 flail and wearing a +0 ring mail (almost dead)
You throw a tomahawk of returning.
The tomahawk of returning barely misses the orc high priest.
The tomahawk of returning returns to your pack!
The orc high priest misses you.
Throwing (i - inventory. (/) - cycle)
l - 5 tomahawks of returning (quivered)
Press: ? - help, Shift-Dir - straight line, f/p - orc high priest
Aim: an orc high priest, wielding a +0 flail and wearing a +0 ring mail (almost dead)
Okay, then.
As you read the scroll of teleportation, it crumbles to dust.
You feel strangely unstable. The sun demon barely misses you.
The orc high priest calls down the wrath of Beogh upon you.
You resist with significant effort. The sun demon closely misses you.
You block the orc high priest's attack. The sun demon hits you!!
* * * LOW HITPOINT WARNING * * *
You are engulfed in flames!
You die...

......##
####...#..####
....### ##..#####
###.# ##..####
##### ##..###.##
.# ##..###...## .#
##.[###4#o#(## ##
##[[###4[.#.6.## #
##))###36o###.o4##
# ##)[###@..##
##4(3## #
##)))[)o.3##
##.))# #
##...[#...##
##.(.# #
##...#).[.## #o#.#
# ##∩.#.....##
.(..# #.....#..##
.....#
##∩.#.....##
....##
##...#.)..## #.##
##....#...## ##


You could see 2 orc high priests, 2 sun demons, a gelid demonspawn, a hellwing,
a chaos spawn and an orc sorcerer.

Vanquished Creatures
  Gastronok (Orc:1)
  An orc warlord (D:9)
  A stone giant (D:9)
  4 hydras
  A centaur warrior (D:13)
  A two-headed ogre (D:13)
  A tengu warrior (D:13)
  An orc high priest (Orc:2)
  2 sixfirhies (Orc:2)
  A deep elf mage (D:12)
  3 orc knights
  3 cyclopes
  An oklob plant (Lair:5)
  3 ugly things
  An orc sorcerer (Orc:2)
  8 elephants
  Maurice (D:10)
  A black mamba (Lair:2)
  2 centaur zombies
  A centaur skeleton (D:12)
  17 spiny frogs
  A gargoyle (D:13)
  2 komodo dragons
  A hellwing (Orc:2)
  4 trolls
  4 tyrant leeches
  16 blink frogs
  2 hippogriffs (Lair:2)
  2 shadows
  A wyvern (D:13)
  A spriggan (D:8)
  A wraith (D:12)
  18 yaks
  The ghost of Karim the Skirmisher, an amateur NaFi (D:4)
  12 humans (D:13)
  2 basilisks
  A steam dragon (D:9)
  A hungry ghost (D:11)
  4 vampire mosquitoes (Lair:6)
  2 swamp worms (Lair:2)
  20 water moccasins
  11 porcupines
  5 black bears
  2 sky beasts (D:7)
  27 orc warriors
  An ice beast (D:2)
  A phantom (D:9)
  5 wolves
  9 ogres
  A necrophage (D:10)
  2 centaurs
  6 crocodiles
  19 bullfrogs
  2 scorpions
  A hexer (Lair:4)
  A water moccasin skeleton (D:7)
  13 killer bees
  3 wights (D:6)
  2 electric eels
  4 crimson imps
  2 quasits
  3 bullfrog zombies
  A jelly (Lair:6)
  16 orc priests
  5 hounds
  15 orc wizards
  Crazy Yiuf (D:2)
  5 iguanas
  7 worker ants
  A howler monkey zombie (D:6)
  A worker ant zombie (D:8)
  3 gnolls (D:7)
  24 adders
  3 shadow imps
  2 oozes (Lair:6)
  3 worms
  An adder skeleton (D:4)
  2 dart slugs (D:1)
  7 leopard geckos
  70 orcs
  3 ball pythons
  8 bats
  4 giant cockroaches
  6 goblins
  10 hobgoblins
  13 jackals
  3 quokkas
  7 frilled lizards
  17 kobolds
  A quokka skeleton (D:4)
  A quokka zombie (D:8)
  14 rats
  A fungus (Lair:6)
526 creatures vanquished.

Vanquished Creatures (collateral kills)
  A slime creature (D:13)
  An unseen horror (D:11)
  An orc knight (Orc:2)
  2 orc sorcerers (Orc:2)
  A deep elf mage (D:13)
  2 cyclopes
  A rust devil (Orc:2)
  A black mamba (Lair:6)
  8 spiny frogs
  2 komodo dragons
  A troll (Orc:1)
  Prince Ribbit (D:9)
  A blink frog (shapeshifter) (D:13)
  8 blink frogs
  2 hippogriffs
  5 yaks
  4 humans (D:13)
  A ynoxinul (Orc:2)
  2 basilisks
  2 vampire mosquitoes (Lair:6)
  3 swamp worms (Lair:2)
  2 wargs
  3 water moccasins
  3 porcupines
  7 orc warriors
  3 phantoms
  An ogre (D:5)
  A wolf (Lair:3)
  A centaur (D:10)
  A crocodile (Lair:2)
  7 bullfrogs
  A scorpion (D:8)
  A killer bee (D:12)
  A wight (D:6)
  An electric eel (Lair:2)
  A bullfrog zombie (D:6)
  7 orc wizards
  A jelly (Lair:6)
  3 orc priests
  An iguana (Lair:2)
  2 worker ants
  4 adders
  An ooze (Lair:6)
  13 orcs
  A fungus (Lair:4)
117 creatures vanquished.

Vanquished Creatures (others)
  A komodo dragon (Lair:3)
  14 hexers
  An ancestor (D:7)
  An orc (D:12)
  A bush (Lair:2)
  3 fulminant prisms
  5 fungi
  30 plants
56 creatures vanquished.

Grand Total: 699 creatures vanquished

Notes
Turn   | Place    | Note
-------+----------+-------------------------------------------
     0 | D:1      | havocjr2 the Gnoll Gladiator began the quest for the Orb.
     0 | D:1      | Reached XP level 1. HP: 20/20 MP: 1/1
   211 | D:1      | Reached XP level 2. HP: 25/26 MP: 2/2
   387 | D:1      | Reached XP level 3. HP: 31/31 MP: 3/3
   731 | D:2      | Reached skill level 1 in Invocations
   765 | D:2      | Found a stormy altar of Qazlal.
   870 | D:2      | Found a snail-covered altar of Cheibriados.
   874 | D:2      | Reached skill level 1 in Short Blades
   874 | D:2      | Reached skill level 1 in Long Blades
   874 | D:2      | Reached skill level 1 in Maces & Flails
   874 | D:2      | Reached skill level 1 in Polearms
   874 | D:2      | Reached skill level 1 in Staves
   874 | D:2      | Reached skill level 1 in Slings
   874 | D:2      | Reached skill level 1 in Bows
   874 | D:2      | Reached skill level 1 in Crossbows
   874 | D:2      | Reached skill level 1 in Armour
   874 | D:2      | Reached skill level 1 in Stealth
   874 | D:2      | Reached skill level 1 in Shields
   874 | D:2      | Reached skill level 1 in Unarmed Combat
   874 | D:2      | Reached skill level 1 in Spellcasting
   874 | D:2      | Reached skill level 1 in Evocations
   874 | D:2      | Reached XP level 4. HP: 36/38 MP: 5/5
   972 | D:2      | Noticed an ice beast
   983 | D:2      | Killed an ice beast
   983 | D:2      | Reached skill level 1 in Conjurations
   983 | D:2      | Reached skill level 1 in Hexes
   983 | D:2      | Reached skill level 1 in Charms
   983 | D:2      | Reached skill level 1 in Summonings
   983 | D:2      | Reached skill level 1 in Necromancy
   983 | D:2      | Reached skill level 1 in Translocations
   983 | D:2      | Reached skill level 1 in Transmutations
   983 | D:2      | Reached skill level 1 in Fire Magic
   983 | D:2      | Reached skill level 1 in Ice Magic
   983 | D:2      | Reached skill level 1 in Air Magic
   983 | D:2      | Reached skill level 1 in Earth Magic
   983 | D:2      | Reached skill level 1 in Poison Magic
   983 | D:2      | Reached XP level 5. HP: 13/43 MP: 5/7
  1317 | D:2      | Found a runed translucent door.
  1318 | D:2      | Noticed Crazy Yiuf
  1334 | D:2      | Killed Crazy Yiuf
  1574 | D:2      | Reached XP level 6. HP: 50/50 MP: 8/8
  2458 | D:4      | Got an iridescent hand axe
  2459 | D:4      | Identified the +5 hand axe of Oenomania {flame, +Inv rN+}
                  | (You found it on level 4 of the Dungeon)
  2503 | D:4      | Reached skill level 5 in Fighting
  2503 | D:4      | Reached skill level 5 in Throwing
  2799 | D:4      | Reached XP level 7. HP: 56/56 MP: 10/10
  2963 | D:4      | Found a staircase to the Ecumenical Temple.
  2976 | Temple   | Entered the Ecumenical Temple
  3001 | Temple   | Became a worshipper of Hepliaklqana the Forgotten
  3110 | D:4      | Found a runed translucent door.
  3116 | D:4      | Noticed Karim's ghost (amateur NaFi)
  3198 | D:4      | Killed Karim's ghost
  3513 | D:5      | Entered Level 5 of the Dungeon
  3513 | D:5      | Found Alibaig's Weapon Boutique.
  3539 | D:5      | Found a blossoming altar of Fedhas.
  3644 | D:5      | Found a shadowy altar of Dithmenos.
  3744 | D:5      | Found Feenecsa's Gadget Emporium.
  3746 | D:5      | Found Bikuewea's Assorted Antiques.
  3803 | D:5      | Found Qytirgh's Book Boutique.
  4321 | D:6      | Reached XP level 8. HP: 52/56 MP: 12/12
  4393 | D:6      | Reached * piety under Hepliaklqana
  4977 | D:7      | Reached XP level 9. HP: 34/62 MP: 12/14
  5327 | D:7      | Noticed jazmu's ghost (novice DgFE)
  5330 | D:7      | Found a runed translucent gate.
  5331 | D:7      | Found a runed translucent gate.
  5331 | D:7      | Found a runed translucent gate.
  5658 | D:7      | Reached ** piety under Hepliaklqana
  5659 | D:7      | Remembered your ancestor Yadidatum as a hexer
  6459 | D:8      | Reached skill level 5 in Invocations
  6476 | D:8      | Found a staircase to the Lair.
  6588 | D:8      | Reached XP level 10. HP: 54/69 MP: 15/17
  6945 | D:8      | Reached skill level 5 in Short Blades
  6945 | D:8      | Reached skill level 5 in Long Blades
  6945 | D:8      | Reached skill level 5 in Maces & Flails
  6945 | D:8      | Reached skill level 5 in Polearms
  6945 | D:8      | Reached skill level 5 in Staves
  6945 | D:8      | Reached skill level 5 in Slings
  6945 | D:8      | Reached skill level 5 in Bows
  6945 | D:8      | Reached skill level 5 in Crossbows
  6945 | D:8      | Reached skill level 5 in Armour
  6945 | D:8      | Reached skill level 5 in Stealth
  6945 | D:8      | Reached skill level 5 in Shields
  6945 | D:8      | Reached skill level 5 in Unarmed Combat
  6945 | D:8      | Reached skill level 5 in Spellcasting
  6945 | D:8      | Reached skill level 5 in Evocations
  7193 | D:8      | Learned a level 2 spell: Poisonous Vapours
  7197 | D:8      | Learned a level 3 spell: Conjure Flame
  7201 | D:8      | Learned a level 3 spell: Mephitic Cloud
  7679 | D:9      | Found a bloodstained altar of Trog.
  7702 | D:9      | Noticed Prince Ribbit
  7869 | D:9      | Killed Prince Ribbit
  8002 | D:9      | Reached *** piety under Hepliaklqana
  8139 | D:9      | Found a white marble altar of Elyvilon.
  8142 | D:9      | Found an iron altar of Okawaru.
  8142 | D:9      | Found an ancient bone altar of Kikubaaqudgha.
  8155 | D:9      | Found a shattered altar of Ashenzari.
  8159 | D:9      | Found an ornate altar of the Wu Jian Council.
  8272 | D:9      | Found a staircase to the Orcish Mines.
  8316 | D:10     | Entered Level 10 of the Dungeon
  8316 | D:10     | Noticed Maurice
  8335 | D:10     | Killed Maurice
  9234 | D:11     | Noticed a red ugly thing
  9244 | D:11     | Killed a red ugly thing
  9244 | D:11     | Reached XP level 11. HP: 75/75 MP: 7/19
  9374 | D:11     | Noticed a green ugly thing
  9446 | D:11     | Killed a green ugly thing
  9754 | D:11     | Found Idedat's Weapon Shoppe.
  9757 | D:11     | Found Zoycs's Magic Scroll Shop.
  9761 | D:11     | Found Koenij's Gadget Boutique.
  9864 | D:11     | Found Viciesch's Antique Armour Emporium.
  9873 | D:11     | Bought a faintly humming ring mail for 234 gold pieces
  9883 | D:11     | Identified the cursed +1 ring mail "Vovoogg" {rElec rPois
                  | rCorr} (You bought it in a shop on level 11 of the Dungeon)
  9889 | D:11     | Found Lotzybil's Armour Shop.
 10008 | D:11     | Noticed a cyclops
 10049 | D:11     | Killed an unseen horror
 10049 | D:11     | Reached skill level 5 in Conjurations
 10049 | D:11     | Reached skill level 5 in Hexes
 10049 | D:11     | Reached skill level 5 in Charms
 10049 | D:11     | Reached skill level 5 in Summonings
 10049 | D:11     | Reached skill level 5 in Necromancy
 10049 | D:11     | Reached skill level 5 in Translocations
 10049 | D:11     | Reached skill level 5 in Transmutations
 10049 | D:11     | Reached skill level 5 in Fire Magic
 10049 | D:11     | Reached skill level 5 in Ice Magic
 10049 | D:11     | Reached skill level 5 in Air Magic
 10049 | D:11     | Reached skill level 5 in Earth Magic
 10049 | D:11     | Reached skill level 5 in Poison Magic
 10527 | D:11     | Killed a cyclops
 10644 | D:11     | Reached **** piety under Hepliaklqana
 10950 | D:12     | Noticed a cyclops
 10964 | D:12     | Killed a cyclops
 11067 | D:12     | Noticed a purple ugly thing
 11100 | D:12     | Killed a purple ugly thing
 11237 | D:12     | Noticed a deep elf mage
 11249 | D:12     | Killed a deep elf mage
 11424 | D:12     | Noticed a seven-headed hydra
 11436 | D:12     | Killed a one-headed hydra
 11730 | D:12     | Noticed a five-headed hydra
 11738 | D:12     | Killed a one-headed hydra
 11879 | D:12     | Reached XP level 12. HP: 64/83 MP: 22/22
 11944 | D:12     | Found a white marble altar of Elyvilon.
 12395 | D:13     | Noticed a tengu warrior
 12407 | D:13     | Killed a tengu warrior
 12877 | D:13     | Found a gate to the Vaults.
 12877 | D:13     | Noticed a two-headed ogre
 12877 | D:13     | Noticed a centaur warrior
 12922 | D:13     | Killed a two-headed ogre
 13086 | D:13     | Killed a centaur warrior
 13104 | D:13     | Reached skill level 10 in Axes
 13104 | D:13     | Reached skill level 10 in Dodging
 13239 | D:13     | Noticed a six-headed hydra
 13249 | D:13     | Killed a one-headed hydra
 13449 | D:13     | Found Ulaonur's Weapon Shop.
 13516 | D:13     | Found a basalt altar of Yredelemnul.
 13739 | Lair:1   | Entered Level 1 of the Lair of Beasts
 13922 | Lair:1   | Reached XP level 13. HP: 76/90 MP: 24/24
 14635 | Lair:2   | Reached ***** piety under Hepliaklqana
 14929 | Lair:2   | Found a staircase to the Swamp.
 15791 | Lair:2   | Got a smoking helmet
 15804 | Lair:2   | Identified the +1 helmet of the Arcane {rC+ Str-4 Int+5}
                  | (You found it on level 2 of the Lair of Beasts)
 17558 | Lair:4   | Found a hole to the Spider Nest.
 18008 | Lair:4   | Learned a level 4 spell: Olgreb's Toxic Radiance
 18014 | Lair:4   | Learned a level 5 spell: Lightning Bolt
 18135 | Lair:5   | Found an iron altar of Okawaru.
 18443 | Lair:5   | Reached XP level 14. HP: 98/98 MP: 26/26
 19030 | Lair:5   | Reached ****** piety under Hepliaklqana
 19098 | Lair:5   | Learned a level 4 spell: Fulminant Prism
 19284 | Lair:5   | Learned a level 4 spell: Iskenderun's Mystic Blast
 19499 | Lair:6   | Entered Level 6 of the Lair of Beasts
 20034 | Lair:5   | Reached skill level 10 in Fighting
 20034 | Lair:5   | Reached skill level 10 in Throwing
 20660 | Lair:6   | Found a staircase to the Slime Pits.
 21554 | Orc:1    | Entered Level 1 of the Orcish Mines
 21573 | Orc:1    | Reached skill level 10 in Invocations
 21584 | Orc:1    | Noticed a stone giant
 21592 | Orc:1    | Noticed an orc warlord
 21608 | D:9      | Killed a stone giant
 21795 | D:9      | Killed an orc warlord
 22032 | Orc:1    | Noticed Gastronok
 22053 | Orc:1    | Killed Gastronok
 22454 | Orc:2    | Entered Level 2 of the Orcish Mines
 22697 | Orc:2    | Found Idduv's Distillery.
 22704 | Orc:2    | Found Sifovoix's General Store.
 22931 | Orc:2    | Reached XP level 15. HP: 97/105 MP: 11/28
 22983 | Orc:2    | Upgraded the game from 0.23.2-1-ga50397a to
                  | 0.23.2-11-gf996548c65
 22983 | Orc:2    | Gained mutation: You expend magic power (3 MP) to
                  | strengthen your wands. [potion of mutation]
 22983 | Orc:2    | Gained mutation: You are agile. (Dex +2) [potion of
                  | mutation]
 22983 | Orc:2    | Gained mutation: Your body sometimes deteriorates upon
                  | taking damage. [potion of mutation]
 22983 | Orc:2    | Gained mutation: Your mind is acute. (Int +2) [potion of
                  | mutation]
 22984 | Orc:2    | Lost mutation: Your body sometimes deteriorates upon taking
                  | damage. [potion of mutation]
 22984 | Orc:2    | Lost mutation: You are agile. (Dex +2) [potion of mutation]
 22984 | Orc:2    | Lost mutation: Your mind is acute. (Int +2) [potion of
                  | mutation]
 22984 | Orc:2    | Gained mutation: Your mind is acute. (Int +2) [potion of
                  | mutation]
 22984 | Orc:2    | Gained mutation: You are partially covered in large bone
                  | plates. (SH +4) [potion of mutation]
 23074 | Orc:2    | Bought a scroll of enchant armour for 112 gold pieces
 23173 | Orc:2    | HP: 3/105 [sun demon[an orc high priest] (21)]
 23173 | Orc:2    | Mangled by a sun demon

Skill      XL: |  1  2  3  4  5  6  7  8  9 10 11 12 13 14 |
---------------+-------------------------------------------+-----
Invocations    | 1 2 3 4 5 6 7 8 9 10 | 10.4
Short Blades   | 1 2 3 4 5 6 7 8 9 |  9.6
Long Blades    | 1 2 3 4 5 6 7 8 9 |  9.6
Maces & Flails | 1 2 3 4 5 6 7 8 9 |  9.6
Polearms       | 1 2 3 4 5 6 7 8 9 |  9.6
Staves         | 1 2 3 4 5 6 7 8 9 |  9.6
Slings         | 1 2 3 4 5 6 7 8 9 |  9.6
Bows           | 1 2 3 4 5 6 7 8 9 |  9.6
Crossbows      | 1 2 3 4 5 6 7 8 9 |  9.6
Armour         | 1 2 3 4 5 6 7 8 9 |  9.6
Stealth        | 1 2 3 4 5 6 7 8 9 |  9.6
Shields        | 1 2 3 4 5 6 7 8 9 |  9.6
Unarmed Combat | 1 2 3 4 5 6 7 8 9 |  9.6
Spellcasting   | 1 2 3 4 5 6 7 8 9 |  9.6
Evocations     | 1 2 3 4 5 6 7 8 9 |  9.6
Conjurations   | 1 2 3 4 5 6 7 8 |  8.0
Hexes          | 1 2 3 4 5 6 7 8 |  8.0
Charms         | 1 2 3 4 5 6 7 8 |  8.0
Summonings     | 1 2 3 4 5 6 7 8 |  8.0
Necromancy     | 1 2 3 4 5 6 7 8 |  8.0
Translocations | 1 2 3 4 5 6 7 8 |  8.0
Transmutations | 1 2 3 4 5 6 7 8 |  8.0
Fire Magic     | 1 2 3 4 5 6 7 8 |  8.0
Ice Magic      | 1 2 3 4 5 6 7 8 |  8.0
Air Magic      | 1 2 3 4 5 6 7 8 |  8.0
Earth Magic    | 1 2 3 4 5 6 7 8 |  8.0
Poison Magic   | 1 2 3 4 5 6 7 8 |  8.0
Fighting       | 5 6 7 8 9 10 | 10.6
Throwing       | 5 6 7 8 9 10 | 10.6
Axes           | 7 8 9 10 11 | 11.4
Dodging        | 7 8 9 10 11 | 11.4

Action                   |  1- 3 |  4- 6 |  7- 9 | 10-12 | 13-15 || total
-------------------------+-------+-------+-------+-------+-------++-------
Melee: War axe           |    87 |   112 |       |       |       ||   199
       Bite              |     7 |    18 |    33 |    69 |   133 ||   260
       Hand axe          |       |    29 |   237 |   457 |   882 ||  1605
Throw: Stone             |       |    17 |     1 |       |       ||    18
       Tomahawk          |       |       |     8 |    49 |    73 ||   130
       Throwing net      |       |       |       |     3 |       ||     3
 Cast: Poisonous Vapours |       |       |       |    41 |    96 ||   137
       Mephitic Cloud    |       |       |       |    30 |    22 ||    52
       Conjure Flame     |       |       |       |     6 |       ||     6
       Lightning Bolt    |       |       |       |       |     4 ||     4
       Iskenderun's Myst |       |       |       |       |    22 ||    22
       Olgreb's Toxic Ra |       |       |       |       |    21 ||    21
       Fulminant Prism   |       |       |       |       |     3 ||     3
Invok: Recall Ancestor   |       |       |     3 |     1 |     2 ||     6
       Ancestor Life: He |       |       |     1 |       |       ||     1
       Idealise          |       |       |       |       |     1 ||     1
 Abil: Evoke Berserk Rag |       |       |     1 |       |       ||     1
       Evoke Invisibilit |       |       |       |       |     1 ||     1
Evoke: Wand              |       |     1 |     1 |       |       ||     2
  Use: Scroll            |       |       |     5 |    17 |    16 ||    38
       Potion            |       |       |     1 |     2 |     7 ||    10
 Stab: Sleeping          |     1 |     5 |       |     5 |     6 ||    17
       Distracted        |       |     1 |     2 |     8 |    21 ||    32
       Confused          |       |       |       |    25 |    45 ||    70
       Held in net/web   |       |       |       |     1 |       ||     1
       Invisible         |       |       |       |       |     7 ||     7
       Paralysed         |       |       |       |       |     3 ||     3
  Eat: Chunk             |       |     6 |    13 |    21 |    28 ||    68
       Ration            |       |       |       |     2 |     2 ||     4
Armor: Ring mail         |    17 |    33 |    27 |    68 |   147 ||   292
       Steam dragon scal |       |       |       |    19 |       ||    19
Dodge: Dodged            |    67 |    88 |   148 |   274 |   516 ||  1093
Block: Buckler           |    10 |    29 |    36 |   117 |   364 ||   556
